Map: Graystone Ravine

Players

TheSickle

  • Race: Zerg Zerg
  • Spawn Location: 5:00

PaNoMiTs

  • Race: Terran Terran
  • Spawn Location: 3:00

OhLala - Winner!

  • Race: Protoss Protoss
  • Spawn Location: 9:00

Gracz - Winner!

  • Race: Terran Terran
  • Spawn Location: 11:00

VOD

Have the link to the VOD?

Description

Time

  • Played on: May 2, 2016, 5:59 a.m.
  • Length: 14:50
Show
View Real Time Build Order
Export as new Build Order

TheSickle Zerg 

Build Orders: Hatch First 

Get SALT Encoding   

  12  0:02  Drone  
  13  0:08  Drone  
  14  0:21  Extractor  
  14  0:22  Drone  
  14  0:23  Extractor, Drone  
  16  0:47  Hatchery  
  15  0:50  Overlord  
  15  1:05  Spawning Pool  
  15  1:08  Extractor  
  15  1:09  Drone  
  14  1:13  Drone  
  14  1:17  Drone  
  16  1:33  Drone  
  16  1:37  Drone  
  18  1:52  Drone  
  19  2:02  Drone  
  19  2:03  Queen  
  19  2:05  Drone  
  19  2:08  Drone  
  24  2:18  Drone  
  24  2:21  Queen  
  28  2:22  Drone  
  28  2:27  Roach Warren  
  27  2:33  Drone  
  28  2:39  Spore Crawler  
  28  2:41  Spine Crawler  
  26  2:50  Drone x2  
  28  2:52  Evolution Chamber  
  28  2:55  Drone  
  28  3:06  Spine Crawler  
  28  3:07  Drone  
  28  3:15  Overlord  
  28  3:20  Extractor  
  28  3:21  Drone  
  28  3:22  Overlord x2  
  28  3:42  Drone x2  
  28  3:45  Queen  
  32  4:06  Roach x2  
  32  4:07  Roach x3  
  42  4:26  Roach x2  
  42  4:29  Lair  
  46  4:31  Zerg Missile Weapons Level 1  
  46  4:37  Spine Crawler  
  43  4:57  Roach  
  43  4:58  Overlord x2  
  45  5:22  Hatchery  
  45  5:23  Roach x2  
  45  5:24  Roach  
  45  5:27  Glial Reconstitution  
  50  5:37  Hydralisk Den  
  45  6:06  Roach x5  
  51  6:16  Roach  
  45  6:26  Roach  
  47  6:36  Queen  
  47  6:38  Drone  
  50  6:43  Drone  
  50  6:44  Drone  
  52  6:49  Zerg Missile Weapons Level 2  
  52  6:58  Metabolic Boost  
  52  7:01  Drone  
  52  7:02  Drone  
  52  7:03  Drone x2  
  54  7:25  Drone x3  
  54  7:26  Drone x3  
  60  7:32  Queen  
  60  7:36  Spore Crawler x2  
  60  7:39  Spore Crawler  
  60  7:40  Spore Crawler  
  60  7:41  Spire, Drone  
  60  7:42  Drone x2  
  60  7:43  Drone  
  61  7:47  Pneumatized Carapace  
  61  7:57  Hatchery  
  60  8:19  Hydralisk x2  
  60  8:20  Hydralisk x2  
  60  8:23  Overlord  
  60  8:24  Overlord x4  
  68  8:41  Queen  
  68  8:42  Roach x6  
  68  8:43  Roach x2  
  84  8:51  Roach  
  84  9:01  Hydralisk x2  
  88  9:08  Corruptor x2  
  90  9:32  Extractor  
  90  9:33  Extractor  
  90  9:35  Hydralisk  
  90  9:36  Hydralisk x2  
  94  9:46  Drone  
  94  9:50  Zergling x8, Hatchery  
  98  10:06  Zerg Ground Armor Level 1  
  98  10:19  Overlord x5  
  98  10:21  Zerg Flyer Weapons Level 1  
  98  10:31  Infestation Pit  
  97  10:38  Corruptor  
  97  11:15  Queen, Drone  
  97  11:16  Corruptor x4  
  106  11:25  Overlord  
  106  11:26  Overlord  
  106  11:28  Drone x2  
  107  11:33  Drone  
  106  11:49  Overseer x2  
  106  12:05  Overseer  
  106  12:06  Overseer  
  106  12:08  Roach, Corruptor  
  106  12:09  Corruptor  
  110  12:21  Hydralisk  
  109  12:26  Drone x2  
  110  12:44  Nydus Network  
  110  12:51  Drone x2  
  110  12:53  Spore Crawler  
  110  12:54  Drone, Spore Crawler  
  110  12:55  Drone  
  111  13:02  Drone x3  
  111  13:05  Zergling x6  
  115  13:32  Roach  
  115  13:33  Roach x5  
  123  13:49  Corruptor  
  123  13:50  Corruptor x2  
  115  14:06  Hydralisk x5  
  125  14:21  Corruptor  
Show
View Real Time Build Order
Export as new Build Order

PaNoMiTs Terran 

Build Orders: Command Center First (CC) 

Get SALT Encoding   

  12  0:03  SCV  
  13  0:13  Supply Depot  
  13  0:18  SCV  
  14  0:30  SCV  
  16  0:42  SCV  
  16  0:55  SCV  
  17  1:07  SCV  
  18  1:19  Command Center, SCV  
  19  2:27  Command Center  
  19  2:32  Supply Depot  
  19  3:01  Barracks  
  19  3:20  Refinery x2  
  19  3:25  Barracks x2  
  19  3:28  SCV  
  20  3:49  Orbital Command  
  20  3:50  Marine  
  9  5:01  Orbital Command  
  9  5:23  Orbital Command  
  9  5:52  SCV x2  
  11  6:32  Orbital Command  
  2  6:58  SCV  
  3  7:02  Barracks Tech Lab  
  3  7:08  Orbital Command  
  3  7:23  Supply Depot  
    8:16  Marine  
  1  10:00  SCV x2  
  3  10:12  SCV  
    12:14  Orbital Command  
    12:41  Orbital Command  
    14:17  SCV  
Show
View Real Time Build Order
Export as new Build Order

OhLala Protoss - Winner!

Build Orders:  

Get SALT Encoding   

  12  0:01  Probe (Chrono Boost)  
  13  0:12  Probe (Chrono Boost)  
  14  0:23  Pylon, Probe (Chrono Boost)  
  15  0:45  Forge  
  15  0:47  Probe (Chrono Boost)  
  16  0:58  Probe (Chrono Boost)  
  17  1:09  Pylon  
  17  1:10  Pylon  
  17  1:30  Photon Cannon  
  17  1:31  Pylon  
  17  1:34  Photon Cannon  
  17  1:35  Pylon  
  17  1:51  Pylon  
  16  2:10  Assimilator  
  16  2:12  Photon Cannon  
  16  2:15  Photon Cannon  
  16  2:19  Probe (Chrono Boost)  
  17  2:25  Gateway  
  17  2:29  Photon Cannon  
  17  2:36  Probe (Chrono Boost)  
  18  2:47  Probe (Chrono Boost)  
  19  2:57  Probe (Chrono Boost)  
  20  3:22  Probe (Chrono Boost)  
  20  3:24  Cybernetics Core  
  21  3:33  Probe (Chrono Boost)  
  22  3:42  Pylon  
  22  3:48  Probe (Chrono Boost)  
  22  3:53  Nexus  
  23  3:59  Probe (Chrono Boost)  
  24  4:03  Pylon  
  25  4:12  Assimilator  
  25  4:13  Mothership Core (Chrono Boost), Warp Gate  
  26  4:17  Pylon  
  27  4:31  Probe (Chrono Boost)  
  27  4:36  Gateway  
  27  4:40  Gateway  
  27  4:46  Gateway  
  27  4:55  Photon Cannon  
  27  4:58  Probe (Chrono Boost)  
  27  5:08  Probe (Chrono Boost)  
  27  5:12  Probe (Chrono Boost)  
  29  5:19  Probe (Chrono Boost)  
  30  5:22  Probe (Chrono Boost)  
  30  5:25  Pylon  
  31  5:29  Stargate, Probe (Chrono Boost)  
  31  5:33  Probe (Chrono Boost)  
  33  5:40  Probe (Chrono Boost)  
  34  5:43  Probe (Chrono Boost)  
  35  5:51  Assimilator, Probe (Chrono Boost)  
  35  5:54  Assimilator, Probe (Chrono Boost)  
  37  6:01  Probe (Chrono Boost)  
  38  6:04  Probe (Chrono Boost)  
  38  6:06  Pylon  
  38  6:10  Pylon  
  39  6:13  Phoenix  
  41  6:20  Pylon  
  41  6:25  Probe (Chrono Boost)  
  42  6:27  Fleet Beacon  
  42  6:40  Phoenix  
  44  6:49  Probe (Chrono Boost)  
  45  7:03  Stargate  
  45  7:39  Phoenix  
  47  7:47  Stargate  
  47  7:50  Nexus  
  47  7:53  Pylon  
  47  7:54  Pylon  
  47  7:59  Assimilator, Probe (Chrono Boost)  
  47  8:01  Assimilator  
  48  8:14  Anion Pulse-Crystals  
  48  8:15  Probe x2 (Chrono Boost)  
  50  8:34  Phoenix x3  
  56  8:54  Probe (Chrono Boost)  
  57  8:59  Phoenix x2  
  57  9:00  Probe (Chrono Boost)  
  62  9:04  Probe (Chrono Boost)  
  62  9:09  Nexus  
  63  9:10  Phoenix  
  65  9:24  Phoenix  
  67  9:43  Pylon  
  67  9:46  Graviton Catapult  
  67  9:48  Probe x2 (Chrono Boost)  
  69  9:59  Pylon  
  69  10:02  Assimilator  
  69  10:04  Assimilator  
  69  10:07  Zealot x2  
  69  10:08  Zealot x2  
  77  10:16  Pylon, Probe (Chrono Boost)  
  77  10:17  Probe x2 (Chrono Boost)  
  77  10:19  Carrier x2  
  92  10:22  Protoss Air Weapons Level 1  
  92  10:46  Carrier  
  86  11:45  Carrier x2  
  98  11:48  Pylon  
  98  11:49  Pylon  
  98  11:51  Pylon  
  98  12:12  Carrier  
  104  12:29  Protoss Air Weapons Level 2  
  104  12:33  Photon Cannon  
  104  12:34  Probe x2 (Chrono Boost)  
  106  12:37  Photon Cannon  
  106  12:39  Pylon  
  106  12:40  Probe (Chrono Boost)  
  106  12:41  Probe (Chrono Boost)  
  106  12:42  Photon Cannon  
  108  12:45  Probe x2 (Chrono Boost)  
  111  12:51  Stargate, Probe (Chrono Boost)  
  111  12:54  Stargate  
  111  12:58  Cybernetics Core  
  111  13:11  Carrier x2  
  135  13:45  Probe x3 (Chrono Boost)  
  132  14:16  Probe x2 (Chrono Boost)  
Show
View Real Time Build Order
Export as new Build Order

Gracz Terran - Winner!

Build Orders:  

Get SALT Encoding   

  12  0:02  SCV  
  13  0:14  SCV  
  13  0:17  Refinery  
  14  0:48  SCV  
  15  0:50  Supply Depot  
  15  1:11  SCV  
  16  1:27  Barracks  
  16  1:35  Barracks  
  16  1:43  Supply Depot  
  16  2:09  Supply Depot  
  16  2:15  SCV  
  17  2:16  Barracks Reactor  
  17  2:17  Refinery  
  17  2:25  Barracks Reactor  
  17  2:27  SCV  
  18  2:41  SCV  
  19  2:55  Reaper x2  
  21  3:01  Reaper  
  21  3:02  Reaper  
  23  3:10  Orbital Command  
  23  3:27  Reaper x2  
  23  3:33  Reaper  
  26  3:34  Reaper  
  27  4:40  Marine  
  27  4:41  Marine x3  
  31  4:58  Marine  
  31  4:59  Marine x3  
  35  5:16  Marine  
  35  5:17  Factory, Marine x3  
  39  5:29  Command Center  
  39  5:40  Marine x4  
  28  6:52  Starport  
  28  6:57  Factory Tech Lab  
  28  6:58  Starport, Reaper  
  28  6:59  Reaper x3  
  28  7:00  Starport  
  32  7:06  Orbital Command  
  32  7:08  SCV  
  32  7:09  Refinery  
  33  7:21  SCV  
  34  7:28  Liberator  
  34  7:30  Reaper  
  34  7:31  Reaper x3  
  34  7:33  SCV  
  39  7:44  Viking  
  39  7:45  SCV  
  45  7:53  SCV  
  45  7:57  SCV  
  47  8:03  Reaper x4  
  51  8:06  SCV  
  52  8:18  SCV  
  53  8:30  SCV  
  54  8:35  Reaper x4  
  58  8:42  SCV  
  37  9:05  Starport Tech Lab  
  37  9:06  Starport Tech Lab x2  
  37  9:12  SCV  
  38  9:17  Refinery  
  38  9:21  Supply Depot  
  38  9:22  Supply Depot  
  38  9:24  SCV  
  39  9:36  SCV  
  40  9:49  SCV  
  41  10:01  SCV  
  42  10:07  Banshee  
  42  10:08  Banshee x2  
  51  10:36  Command Center  
  51  10:50  Banshee  
  51  10:51  Banshee x2  
  60  11:03  Cloaking Field  
  60  11:18  Fusion Core  
  60  11:20  Armory  
  60  11:25  Armory  
  60  11:33  Banshee  
  60  11:34  Banshee x2  
  66  12:16  Banshee x3  
  75  12:34  Refinery, Orbital Command  
  75  12:41  Reaper  
  75  12:42  Reaper x3  
  79  12:59  Banshee x2  
  79  13:00  Battlecruiser  
  79  13:01  SCV  
  79  13:02  Refinery  
  92  13:13  SCV  
  92  13:14  Marine, Reaper x3  
  97  13:25  SCV  
  98  13:32  Marine  
  99  13:37  SCV  
  100  13:45  Marine  
  101  13:50  Supply Depot  
  101  13:54  Supply Depot  
  101  13:56  Marine, SCV  
  109  14:11  Marine x3, SCV  
  109  14:13  Marine  
  114  14:23  SCV  
  115  14:29  Marine  
  95  14:36  SCV  
Tags
 
Add a new tag
Caveats
  • Supply blocks, unpowered buildings, or Contaminate may cause inaccurate times.
  • Supply counts are checked every 10 seconds.